 Dungeon Crawl Stone Soup version 0.18-a0-1576-g2b87869 (webtiles) character file.

156 Oddball22 the Caller (level 5, -1/28 HPs)
             Began as a Deep Elf Summoner on Mar 17, 2016.
             Was an Initiate of Sif Muna.
             Slain by a sky beast (5 damage)
             ... on level 5 of the Dungeon.
             The game lasted 00:12:14 (3638 turns).

Oddball22 the Caller (Deep Elf Summoner)            Turns: 3638, Time: 00:12:14

Health: -1/28      AC:  4    Str:  5    XL:     5   Next: 15%
Magic:  4/13       EV: 13    Int: 21    God:    Sif Muna [......]
Gold:   81         SH:  0    Dex: 15    Spells: 5 memorised, 0 levels left

rFire  . . .     SeeInvis .     (no weapon)
rCold  . . .     Gourm    .     a - +0 robe
rNeg   . . .     Faith    .     (no shield)
rPois  .         Spirit   .     (no helmet)
rElec  .         Dismiss  .     d - +0 cloak (curse)
rCorr  .         Reflect  .     (no gloves)
SustAt .         Harm     .     l - +0 pair of boots (curse)
MR     .....                    (no amulet)
Stlth  ++........               (no ring)
                                (no ring)

@: very slightly contaminated, not resistant to hostile enchantments, unstealthy
A: no striking features
a: Renounce Religion


You were on level 5 of the Dungeon.
You worshipped Sif Muna.
Sif Muna was noncommittal.
You were hungry.

You visited 1 branch of the dungeon, and saw 5 of its levels.

You collected 81 gold pieces.

Inventory:

Armour
 a - a +0 robe (worn)
 d - a cursed +0 cloak (worn)
 l - a cursed +0 pair of boots (worn)
Scrolls
 h - 5 scrolls of identify {unknown}
 i - 5 scrolls of teleportation {unknown}
 j - a scroll of amnesia {unknown}
 k - a scroll of immolation {unknown}
 m - a scroll of enchant armour {unknown}
 o - a scroll of fog {unknown}
Potions
 e - a potion of flight {unknown}
 g - a potion of beneficial mutation {unknown}
 r - a potion of ambrosia {unknown}
 s - a potion of berserk rage {unknown}
 u - a potion of agility {unknown}
 v - a potion of mutation {unknown}
Books
 b - a book of Callings

   Spells                             Type                      Level
   a - Summon Small Mammal            Summoning                    1
   b - Call Imp                       Summoning                    2
   c - Call Canine Familiar           Summoning                    3
   d - Summon Guardian Golem          Hexes/Summoning              3
   e - Summon Lightning Spire         Summoning/Air                4
   f - Summon Ice Beast               Ice/Summoning                4
 p - a Necronomicon

   Spells                             Type                      Level
   a - Haunt                          Necromancy/Summoning         7
   b - Borgnjor's Revivification      Necromancy                   8
   c - Death's Door                   Charms/Necromancy            8
   d - Necromutation                  Transmutation/Necromancy     8
Comestibles
 c - 2 bread rations
 f - 2 meat rations
 n - 3 fruits
 q - a slice of pizza
 t - 2 chunks of flesh


   Skills:
 - Level 0.7 Fighting
 + Level 3.2 Dodging
 - Level 2.4 Stealth
 - Level 0.2 Unarmed Combat
 * Level 4.6 Spellcasting
 + Level 1.5 Hexes
 + Level 5.6 Summonings


You couldn't memorise any spells.
You knew the following spells:

 Your Spells              Type           Power        Failure   Level  Hunger
a - Summon Small Mammal   Summ           ####         1%          1    None
b - Call Imp              Summ           ####....     1%          2    #......
c - Call Canine Familiar  Summ           ####....     3%          3    ##.....
d - Summon Guardian Gole  Hex/Summ       ###.....     10%         3    ##.....
e - Summon Lightning Spi  Summ/Air       ###.....     41%         4    ####...


Dungeon Overview and Level Annotations

Branches:
Dungeon (5/15)
 Temple: D:4-7

Altars:
Cheibriados
Sif Muna
Yredelemnul


Message History

You miss something. Something barely misses you.
Something hits you but does no damage.
A sky beast appears from thin air!
Reactivating autopickup.
Casting: Summon Lightning Spire
Confirm with . or Enter, or press ? or * to list all spells.
Aiming: Summon Lightning Spire
Press: ? - help, Dir - move target cursor You miscast Summon Lightning Spire.
You are very lightly contaminated with residual magic.
Nothing appears to happen.
The sky beast closely misses you.
Casting: Summon Lightning Spire
Confirm with . or Enter, or press ? or * to list all spells.
Aiming: Summon Lightning Spire
Press: ? - help, Dir - move target cursor You miscast Summon Lightning Spire.
Wisps of vapour drift from your hands. The sky beast hits you.
* * * LOW HITPOINT WARNING * * *
The sky beast shocks you.
You die...

#.###.# #. #.# #. #.#
#. #.# #. #.# #.
#.############### #.
#.#>............###
#Y#.##.#####.......
#.@........'.......
####......##.......
#######......##.......
#............##...(...
#.#####......##.......
#.######.....##.......
#......h.....##.......
########.....##.......
#.......######.


You could see a sky beast.

Vanquished Creatures
  A giant gecko (D:3)
  2 giant cockroaches
  A gnoll zombie (D:2)
  A hobgoblin (D:1)
  A kobold (D:1)
  A ball python skeleton (D:3)
  3 bats
  A giant newt (D:1)
  2 rats (D:2)
13 creatures vanquished.

Vanquished Creatures (collateral kills)
  A centaur zombie (D:5)
  An orc priest (D:4)
  A worker ant (D:4)
  9 adders
  2 worms
  2 dart slugs
  3 giant geckos
  4 orcs
  3 ball pythons
  3 giant cockroaches (D:1)
  8 goblins
  7 hobgoblins
  4 jackals
  6 bats
  2 giant newts
  A gnoll zombie (D:2)
  9 kobolds
  7 rats
73 creatures vanquished.

Grand Total: 86 creatures vanquished

Notes
Turn   | Place    | Note
--------------------------------------------------------------
     0 | D:1      | Oddball22 the Deep Elf Summoner began the quest for the Orb.
     0 | D:1      | Reached XP level 1. HP: 10/10 MP: 6/6
   420 | D:1      | Reached XP level 2. HP: 15/15 MP: 2/8
  1198 | D:1      | Learned a level 2 spell: Call Imp
  1339 | D:1      | Reached skill level 5 in Summonings
  1588 | D:2      | Reached XP level 3. HP: 16/19 MP: 7/9
  1813 | D:2      | Learned a level 3 spell: Call Canine Familiar
  2122 | D:2      | Reached XP level 4. HP: 8/24 MP: 4/11
  2451 | D:2      | Found a basalt altar of Yredelemnul.
  2484 | D:2      | Found a deep blue altar of Sif Muna.
  2500 | D:2      | Became a worshipper of Sif Muna the Loreminder
  2505 | D:2      | Learned a level 3 spell: Summon Guardian Golem
  3217 | D:4      | Reached skill level 1 in Hexes
  3236 | D:4      | HP: 1/24 [orc priest/nerve-wracking pain (4)]
  3238 | D:4      | Reached XP level 5. HP: 1/28 MP: 0/13
  3268 | D:5      | Entered Level 5 of the Dungeon
  3449 | D:5      | Found a snail-covered altar of Cheibriados.
  3487 | D:5      | Learned a level 4 spell: Summon Lightning Spire
  3615 | D:5      | Noticed a sky beast
  3638 | D:5      | Slain by a sky beast

Vault maps used:
D:1:      kilobyte_arrival_exit_the_forest
D:2:      lemuel_zombie_altar_yredelemnul, lemuel_round_altar, first_bread,
          minmay_large_rounded_square, hangedman_decor_push
D:3:      kennysheep_big_flooded_room
D:4:      tso_metal_star, enter_ossuary_5, uniq_menkaure
D:5:      slow_altar_1, zin_statuary

Skill      XL: |  1  2  3  4 |
---------------+-------------+-----
Summonings     | 5 |  5.6
Spellcasting   | 4 |  4.6
Hexes          | 1 |  1.5
Dodging        | 3 |  3.2
Fighting       | |  0.7
Stealth        | |  2.4
Unarmed Combat | |  0.2

Action                   |  1- 3 |  4- 6 || total
-------------------------+-------+-------++-------
Melee: Unarmed           |    81 |    79 ||   160
 Cast: Summon Small Mamm |    29 |     2 ||    31
       Call Imp          |    14 |     7 ||    21
       Call Canine Famil |     3 |    15 ||    18
       Summon Lightning  |       |     1 ||     1
  Use: Potion            |       |     2 ||     2
 Stab: Distracted        |     1 |     2 ||     3
       Sleeping          |     1 |     1 ||     2
  Eat: Chunk             |     4 |     6 ||    10
